[Event "Early-Titled-Tuesday-Blitz-March-19-2024"]
[Site "Chess.com"]
[Date "2024.03.19"]
[Round "5"]
[White "Njal28"]
[Black "kingofthenil"]
[Result "0-1"]
[WhiteElo "3050"]
[BlackElo "2797"]
[TimeControl "180+1"]
[EndTime "8:57:25 PDT"]
[Termination "kingofthenil won by resignation"]

1. d4 d5 2. Nf3 Nf6 3. c4 e6 4. Nc3 h6 5. a3 Nbd7 6. Bf4 dxc4 7. e4 Nb6 8. Bxc4 Nxc4 9. Qa4+ c6 10. Qxc4 Be7 11. O-O O-O 12. Rad1 Qa5 13. Rfe1 Bd7 14. Ne5 Rfd8 15. Qe2 Be8 16. Rd3 Qa6 17. b4 Rac8 18.
Qd2 Bf8 19. h4 Qxa3 20. Nd5 Nxd5 21. Rxa3 Bxb4 22. Qb2 Bxa3 23. Qxa3 Nxf4 24. Qxa7 b5 25. g3 Nh5 26. g4 Nf4 27. g5 hxg5 28. hxg5 Nh3+ 29.
Kg2 Nxg5 30. Qe7 Nh7 31. Rh1 Nf6 32. Nf3 c5 33. e5 Rd7 34. exf6 Rxe7 35. fxe7 c4 36. d5 exd5 37. Nd4 Bd7 38. Ra1 Re8 39. Ra7 Rxe7 40. Nxb5 Bh3+ 41. Kxh3 Rxa7 42. Nxa7 c3 43. Nc6 c2 0-1

[Event "Early-Titled-Tuesday-Blitz-March-19-2024"]
[Site "Chess.com"]
[Date "2024.03.19"]
[Round "5"]
[White "newauto"]
[Black "KorolDimitriy75"]
[Result "0-1"]
[WhiteElo "2138"]
[BlackElo "2410"]
[TimeControl "180+1"]
[EndTime "8:57:25 PDT"]
[Termination "KorolDimitriy75 won by checkmate"]

1. d4 Nf6 2. Nf3 g6 3. Bg5 Bg7 4. Nbd2 c5 5. c3 cxd4 6. cxd4 d5 7. e3 O-O 8. Be2 Nc6 9. O-O Bf5 10. Rc1 Rc8 11.
Qb3 Qd7 12. Bb5 Ne4 13. Nxe4 Bxe4 14. Ne5 Bxe5 15. dxe5 Bxg2 16. Qa4 Bxf1 17. Rxf1 a6 18. Be2 Nxe5 19. Qh4 f6 20. Bh6 Rfe8 21. f4 Nc4 22. f5 g5 23. Qg3 Qd6 24. Qh3 Qe5 25. Bh5 Qxe3+ 26. Kg2 Qxh3+ 27. Kxh3 Red8 28. Re1 Ne5 29.
Kg3 d4 30. h4 gxh4+ 31. Kxh4 Kh8 32. Bd1 d3 33. Bb3 d2 34. Rd1 Rd3 35. Kh5 Rcd8 36.
Kh4 R8d4+ 37. Bf4 Rxf4+ 38. Kh5 Rxf5+ 39. Kh4 Rf4+ 40. Kh5 Rh3# 0-1

[Event "Early-Titled-Tuesday-Blitz-March-19-2024"]
[Site "Chess.com"]
[Date "2024.03.19"]
[Round "5"]
[White "RamonManon0g"]
[Black "HelvertHernandez"]
[Result "1-0"]
[WhiteElo "2388"]
[BlackElo "2033"]
[TimeControl "180+1"]
[EndTime "8:57:25 PDT"]
[Termination "RamonManon0g won on time"]

1. e4 c5 2. Nf3 Nc6 3. Bb5 g6 4. O-O Bg7 5. c3 e5 6. Qe2 Nge7 7. Na3 O-O 8. Rd1 d5 9. exd5 Qxd5 10.
h3 e4 11. Nh2 Ne5 12. Re1 f5 13. Nc4 a6 14. Nb6 Qe6 15. Nxa8 axb5 16. Nc7 Qc6 17. Nxb5 Nd3 18. Na7 Qd7 19. Nxc8 Nxe1 20. Nxe7+ Qxe7 21. Qxe1 Rd8 22. Nf1 Bh6 23. a4 Qd6 24. a5 Qd3 25. Ra3 f4 26. Ra4 Re8 27. Nh2 g5 28. Qf1 Bg7 29.
Qxd3 exd3 30. Kf1 h5 31. Nf3 g4 32. hxg4 hxg4 33. Ne1 Rd8 34. Rxf4 Bh6 35. Rxg4+ Kh7 36.
Rg3 Ra8 37. Rxd3 Rxa5 38. Rd7+ Kg6 39. Ke2 Ra1 40. Kd1 b5 41. Rd5 Bf8 42. Nd3 Kf6 43. Nxc5 1-0

[Event "Early-Titled-Tuesday-Blitz-March-19-2024"]
[Site "Chess.com"]
[Date "2024.03.19"]
[Round "5"]
[White "ChempionBg"]
[Black "Leo_C"]
[Result "0-1"]
[WhiteElo "2363"]
[BlackElo "2640"]
[TimeControl "180+1"]
[EndTime "8:57:27 PDT"]
[Termination "Leo_C won on time"]

1. d4 Nf6 2. c4 e6 3. Nf3 d5 4. g3 Be7 5. Bg2 O-O 6. O-O c6 7.
Nc3 a5 8. Nd2 Nbd7 9. e4 dxe4 10.
Ndxe4 Nxe4 11. Nxe4 f5 12. Nc3 e5 13. d5 e4 14. Be3 Ne5 15. b3 Nd3 16. Nxe4 fxe4 17.
Bxe4 Ne5 18. Qh5 Ng6 19. Rad1 Qe8 20. Rfe1 Bb4 21. Bd2 Qf7 22. Re2 Bxd2 23. Rdxd2 Bf5 24. dxc6 Bxe4 25. Rxe4 bxc6 26. Red4 Rae8 27. Kg2 Re5 28.
Qd1 Rfe8 29. Rd7 Qf5 30. Rd8 h6 31. Rxe8+ Rxe8 32. Rd8 Qe4+ 33. Kg1 Rxd8 34. Qxd8+ Kh7 35. Qxa5 Ne5 36. Kf1 Nf3 37. h4 Nh2+ 38. Kg1 Nf3+ 39.
Kf1 Qb1+ 40. Kg2 Ne1+ 0-1

[Event "Early-Titled-Tuesday-Blitz-March-19-2024"]
[Site "Chess.com"]
[Date "2024.03.19"]
[Round "5"]
[White "Igor_Lysyj"]
[Black "Quattroporte300"]
[Result "1-0"]
[WhiteElo "2803"]
[BlackElo "2498"]
[TimeControl "180+1"]
[EndTime "8:57:28 PDT"]
[Termination "Igor_Lysyj won on time"]

1. d4 d5 2. c4 dxc4 3. Nf3 Nf6 4. e3 Bg4 5. Bxc4 e6 6. Nc3 Nc6 7. O-O Be7 8. h3 Bh5 9. Re1 O-O 10. Bf1 Nd5 11.
g4 Bg6 12. e4 Nb6 13. Bf4 Bd6 14. Bg5 Be7 15. Bxe7 Nxe7 16. Bg2 Nc6 17. Qd2 Qd7 18. Rad1 Rad8 19. Qf4 Qd6 20. Qc1 h6 21. a3 a6 22. b4 Rfe8 23. h4 f6 24. h5 Bf7 25. Ne2 Qe7 26. Ng3 a5 27. d5 Ne5 28.
Nxe5 fxe5 29. bxa5 Na4 30. Qc2 Nc5 31. Rc1 Na6 32.
dxe6 Bxe6 33. Nf5 Bxf5 34. exf5 Qxa3 35. Bxb7 Nb4 36. Qc4+ Kh8 37. Ra1 Qb2 38. Rab1 Rd4 39. Rxb2 Rxc4 40. Reb1 Rxg4+ 41. Kf1 c5 42. a6 Rh4 43. a7 1-0

[Event "Early-Titled-Tuesday-Blitz-March-19-2024"]
[Site "Chess.com"]
[Date "2024.03.19"]
[Round "5"]
[White "Pragmatist237"]
[Black "LileKoridze"]
[Result "1/2-1/2"]
[WhiteElo "2303"]
[BlackElo "2441"]
[TimeControl "180+1"]
[EndTime "8:57:29 PDT"]
[Termination "Game drawn by repetition"]

1. e4 c5 2. Nf3 d6 3. d4 cxd4 4. Qxd4 a6 5. c4 Nd7 6. Nc3 Ngf6 7. Be2 g6 8. Be3 Bg7 9. Qd2 O-O 10. h3 Nc5 11. Bxc5 dxc5 12. Qc2 Qc7 13. O-O e6 14. Rad1 Nd7 15. Kh1 b6 16. Ne1 Bb7 17. f4 Nf6 18. Bf3 Rfd8 19. e5 Ne8 20. Bxb7 Qxb7 21.
Nf3 b5 22. cxb5 axb5 23. Rxd8 Rxd8 24. Ne4 c4 25. a3 Nc7 26. Nd6 Qc6 27. Nd4 Qb6 28.
Qe4 Bf8 29. Nc6 Rd7 30. Rd1 Ne8 31. f5 Nxd6 32. exd6 exf5 33. Ne7+ Bxe7 34. Qxe7 Qc6 35. Qe8+ Kg7 36. Qe5+ Kg8 37. Qe8+ Kg7 38. Qe5+ f6 39. Qe6 Qb7 40. Qe8 Qc6 41. Qe6 Qc8 42. Re1 Qd8 43.
Rd1 Qc8 44. Re1 Qd8 45. Rd1 Qc8 1/2-1/2

[Event "Early-Titled-Tuesday-Blitz-March-19-2024"]
[Site "Chess.com"]
[Date "2024.03.19"]
[Round "5"]
[White "Gennady_Kozlov"]
[Black "Zhigalko_Sergei"]
[Result "0-1"]
[WhiteElo "2678"]
[BlackElo "2859"]
[TimeControl "180+1"]
[EndTime "8:57:30 PDT"]
[Termination "Zhigalko_Sergei won by resignation"]

1. b3 e5 2. Bb2 e4 3. e3 Nf6 4. f3 d5 5. Ne2 Bd6 6. Ng3 O-O 7. Be2 Nc6 8. Nc3 Re8 9. f4 d4 10. Nb5 Bc5 11. exd4 Nxd4 12. Nxd4 Bxd4 13. Bxd4 Qxd4 14. c3 Qb6 15. Qc2 a5 16. Nf1 Nd5 17. g3 Bf5 18.
O-O-O Bg6 19. Bc4 e3 20. f5 e2 21. Bxe2 Rxe2 22. fxg6 Qxg6 23. Qxg6 hxg6 24. c4 Nb4 25. Ne3 Nxa2+ 26. Kb2 Nb4 27. Kc3 Rd8 28. Nd5 Nxd5+ 29. cxd5 Rxd5 30. Rhe1 Rde5 31. Rxe2 Rxe2 32. d4 Rxh2 33.
Re1 Kf8 34. Ra1 b6 35. b4 axb4+ 36. Kxb4 Ke7 37. Kc4 Kd6 38. Rf1 f6 39. Re1 Rc2+ 40. Kd3 Rg2 41. Re3 g5 42. Rf3 g4 43. Re3 f5 44. Kc4 g6 45. d5 Rc2+ 46. Kd3 Ra2 47. Kc4 Ra4+ 48. Kb5 Ra5+ 49. Kc4 Rc5+ 50. Kb4 Rxd5 51.
Re8 Re5 52. Rd8+ Kc6 53. Rg8 Re6 54. Kc4 Kd6 55. Rd8+ Ke5 56. Rd1 Kf6 57. Rd7 Re3 58. Rxc7 Rxg3 59. Kd4 Rf3 60. Rc6+ Kg5 61. Rxb6 g3 62.
Rb2 Kg4 63. Rb6 g5 64. Ke5 f4 65. Kf6 g2 66. Rb5 Kg3 67. Rxg5+ Kf2 0-1

[Event "Early-Titled-Tuesday-Blitz-March-19-2024"]
[Site "Chess.com"]
[Date "2024.03.19"]
[Round "5"]
[White "Matols"]
[Black "xasid81"]
[Result "0-1"]
[WhiteElo "2356"]
[BlackElo "2594"]
[TimeControl "180+1"]
[EndTime "8:57:30 PDT"]
[Termination "xasid81 won on time"]

1. d4 d5 2. c4 dxc4 3. Nf3 e6 4. e3 a6 5. Bxc4 c5 6. Bd3 Nf6 7. O-O Nc6 8. Qe2 cxd4 9. exd4 Be7 10. Rd1 Nb4 11.
Bc4 b5 12. Bb3 Bb7 13. Ne5 O-O 14. Nc3 Nbd5 15. Bg5 Nxc3 16. bxc3 Ne4 17. Bxe7 Qxe7 18. Bc2 f5 19. Rd3 Rac8 20. Rh3 Rxc3 21. Bxe4 Rxh3 22. Bxb7 Rc3 23. Bf3 Rfc8 24. h3 Qd6 25. Rd1 Rc2 26. Qe3 Rxa2 27. d5 Ra3 28. Qe2 Rac3 29. dxe6 Rc1 30.
Rxc1 Rxc1+ 31. Kh2 Rc5 32. e7 Rxe5 33. Qa2+ Kh8 34.
g3 Rxe7 35. Qc2 Re8 36. Qxf5 Rf8 37. Qg4 Qf6 38. Kg2 b4 39. h4 b3 40. h5 Qxf3+ 0-1

[Event "Early-Titled-Tuesday-Blitz-March-19-2024"]
[Site "Chess.com"]
[Date "2024.03.19"]
[Round "5"]
[White "Shield12"]
[Black "Polish_fighter3000"]
[Result "0-1"]
[WhiteElo "2942"]
[BlackElo "3159"]
[TimeControl "180+1"]
[EndTime "8:57:32 PDT"]
[Termination "Polish_fighter3000 won by resignation"]

1. e4 e5 2. Nf3 Nc6 3. Bc4 Bc5 4. c3 Nf6 5. d3 d6 6. O-O a5 7. Re1 Ba7 8. h3 O-O 9. Nbd2 Ne7 10. Nf1 Ng6 11. Ng3 c6 12. Bb3 Re8 13. d4 h6 14.
Bc2 b5 15. Be3 a4 16. Qd2 c5 17. Rad1 cxd4 18. cxd4 Bb6 19. dxe5 dxe5 20. Bxh6 gxh6 21. Qxh6 Qe7 22. Nf5 Qf8 23. Qg5 Ra6 24. N3h4 Nh7 25. Qg3 Bd8 26. Bd3 Rb6 27. Rc1 Bd7 28. Red1 Kh8 29. Bf1 Bxh4 30. Nxh4 Nxh4 31. Qxh4 Be6 32. Rc7 Qg7 33. Re7 Rg8 34. Rd3 Qg5 35. Qxg5 Nxg5 36.
Kh2 Nxe4 37. f3 Nf6 38. Rd2 Ra8 39. a3 Nd5 40. Rxd5 Bxd5 41. Rxe5 Bc4 0-1

[Event "Early-Titled-Tuesday-Blitz-March-19-2024"]
[Site "Chess.com"]
[Date "2024.03.19"]
[Round "5"]
[White "Jumbo"]
[Black "Rutricks"]
[Result "0-1"]
[WhiteElo "2883"]
[BlackElo "2722"]
[TimeControl "180+1"]
[EndTime "8:57:32 PDT"]
[Termination "Rutricks won on time"]

1. d4 g6 2. Nf3 Bg7 3. Bf4 Nf6 4. e3 d6 5. Be2 O-O 6. h3 Nbd7 7. O-O b6 8. a4 Bb7 9. a5 c5 10. c3 Qc7 11. Nbd2 Rfc8 12. Qb3 Bd5 13. Qa3 c4 14.
Rfe1 Qc6 15. Bf1 Rab8 16. b4 b5 17. Bh2 a6 18. Qc1 Re8 19. Qd1 Rbd8 20. Qe2 Ne4 21. Nxe4 Bxe4 22. Nd2 d5 23. f4 Bd3 24. Qf3 f6 25. e4 dxe4 26. Nxe4 e5 27. fxe5 fxe5 28. d5 Qxd5 29. Bxd3 cxd3 30. Rad1 Nf6 31. Nxf6+ Bxf6 32. Qxf6 e4 33. Bf4 Rf8 34. Qg5 Rf5 35. Qg3 Re8 36.
Be3 Qc4 37. Bd4 Qa2 38. Qe3 Qc2 39. Rd2 Qb3 0-1

[Event "Early-Titled-Tuesday-Blitz-March-19-2024"]
[Site "Chess.com"]
[Date "2024.03.19"]
[Round "5"]
[White "wannabe2700"]
[Black "Adar_07"]
[Result "0-1"]
[WhiteElo "2634"]
[BlackElo "2848"]
[TimeControl "180+1"]
[EndTime "8:57:33 PDT"]
[Termination "Adar_07 won by resignation"]

1. b3 Nc6 2. Bb2 e5 3. e3 a6 4.
c4 Nf6 5. Nc3 d5 6. cxd5 Nxd5 7.
Qc2 g6 8. Nf3 Bf5 9. e4 Ndb4 10. Qb1 Bg4 11. a3 Bxf3 12. gxf3 Bh6 13. Bc1 Nd4 14. axb4 Nxf3+ 15. Ke2 Qh4 16. Qd3 Nd4+ 17.
Ke1 Rd8 18. Ne2 Be3 19. Nxd4 Bxd4 20. Kd1 Bxa1 21. Qc4 Bd4 22. f3 O-O 23. Qxc7 Rc8 24. Qxb7 Qf2 25. Be2 Rxc1+ 26. Kxc1 Qxe2 27. Rd1 Qxf3 28. Kc2 h5 29. Re1 h4 30. Qxa6 h3 31. Qc4 Qg2 32.
Re2 Qg4 33. b5 Rc8 34. Re1 Rxc4+ 35. bxc4 Qe6 36. Kd3 Bc5 37. Kc3 Qd6 38. d3 Qd4+ 39. Kc2 Qf2+ 40. Kd1 Bb4 41. Re2 Qf1+ 0-1

[Event "Early-Titled-Tuesday-Blitz-March-19-2024"]
[Site "Chess.com"]
[Date "2024.03.19"]
[Round "5"]
[White "VladimirBugayev"]
[Black "ChainedDowntohell"]
[Result "1-0"]
[WhiteElo "2339"]
[BlackElo "2513"]
[TimeControl "180+1"]
[EndTime "8:57:33 PDT"]
[Termination "VladimirBugayev won on time"]

1. e4 c5 2. Nc3 a6 3. g3 b5 4.
Bg2 Bb7 5. Nh3 b4 6. Ne2 d5 7. e5 e6 8. f4 f6 9. O-O Nc6 10. b3 Be7 11. Bb2 Nh6 12. f5 O-O 13. Nef4 exf5 14. Ne6 Qd7 15. Nxf8 Rxf8 16. e6 Qxe6 17. Nf4 Qd7 18. Bxd5+ Kh8 19. c4 Bd6 20. Qf3 Ng4 21. Ne6 Re8 22. Qxf5 Nge5 23. Rae1 Ne7 24. Qe4 Nxd5 25.
cxd5 Qc8 26. Bxe5 Rxe6 27. Qg4 Rxe5 28. Qxc8+ Bxc8 29. Rxe5 Bxe5 30. Rc1 Kg8 31. Kg2 Bd6 32. d4 Bb7 33. dxc5 Bxd5+ 34. Kf2 Bc7 35. Rd1 Bc6 36.
Rd4 a5 37. Rd2 Kf7 38. Re2 Be5 39. Rd2 Ke7 40. Ke3 Bc3 41. Rd6 Bb5 42. Rb6 1-0

[Event "Early-Titled-Tuesday-Blitz-March-19-2024"]
[Site "Chess.com"]
[Date "2024.03.19"]
[Round "5"]
[White "cthake"]
[Black "atalz0"]
[Result "0-1"]
[WhiteElo "1795"]
[BlackElo "2371"]
[TimeControl "180+1"]
[EndTime "8:57:34 PDT"]
[Termination "atalz0 won on time"]

1. c4 e6 2. Nc3 d5 3. d4 a6 4. g3 dxc4 5. Bg2 Nc6 6. e3 Rb8 7. a4 Nf6 8. Nge2 Be7 9. O-O O-O 10. e4 b5 11. axb5 axb5 12. e5 Nd5 13. Nxd5 exd5 14. Nc3 Be6 15. f4 b4 16. Ne2 Bg4 17. Be3 c3 18.
bxc3 bxc3 19. h3 Bxe2 20. Qxe2 Nb4 21. Rfc1 c2 22. Bd2 c5 23. Bxb4 Rxb4 24. dxc5 Bxc5+ 25.
Kh2 d4 26. Qd3 Qb6 27. Rxc2 Rb3 28. Qc4 d3 29. Rd2 Rd8 30. Bd5 Rb2 31. Rd1 Be3 32. Bxf7+ Kf8 33. e6 Bxd2 34. e7+ Kxe7 35. Qe4+ Kxf7 36.
Qf5+ Qf6 37. Qe4 Bc3+ 38. Kh1 d2 39. Qc4+ Kf8 40. Qc5+ Kg8 41. Qc4+ Kh8 42. Qe2 h6 43. Qg4 Qd4 0-1

[Event "Early-Titled-Tuesday-Blitz-March-19-2024"]
[Site "Chess.com"]
[Date "2024.03.19"]
[Round "5"]
[White "Zheenbekov86"]
[Black "hitaman"]
[Result "1-0"]
[WhiteElo "2465"]
[BlackElo "2696"]
[TimeControl "180+1"]
[EndTime "8:57:35 PDT"]
[Termination "Zheenbekov86 won by resignation"]

1. Nf3 d5 2. g3 g6 3. Bg2 Bg7 4.
O-O e5 5. d3 Ne7 6. Nbd2 O-O 7.
c4 c6 8. Rb1 a5 9. b3 Na6 10.
Bb2 d4 11. a3 c5 12. Nh4 Nc6 13. Bd5 Nc7 14. Bg2 f5 15. Bxc6 bxc6 16. Ng2 Rb8 17.
f4 Ne6 18. fxe5 Bxe5 19. Nf3 Bg7 20. e3 a4 21. bxa4 Rxb2 22. Rxb2 dxe3 23. Rb8 Qd6 24. Ra8 Nc7 25. Ra5 Re8 26. Re1 Bc3 27. Ra7 Bxe1 28.
Qxe1 Re7 29. Qc3 h6 30. Nge1 Nd5 31. Qa5 Rxa7 32. Qxa7 Ne7 33. a5 g5 34. Qb6 g4 35.
a6 Bxa6 36. Qxa6 gxf3 37. Nxf3 Qxd3 38. Qa8+ Kf7 39. Ne5+ 1-0

[Event "Early-Titled-Tuesday-Blitz-March-19-2024"]
[Site "Chess.com"]
[Date "2024.03.19"]
[Round "5"]
[White "RedFirePanda"]
[Black "Fjal"]
[Result "1-0"]
[WhiteElo "2533"]
[BlackElo "2324"]
[TimeControl "180+1"]
[EndTime "8:57:35 PDT"]
[Termination "RedFirePanda won by resignation"]

1. d4 d6 2. Bf4 Nd7 3. e3 g6 4.
Nf3 Bg7 5. c3 e5 6. dxe5 dxe5 7.
Bg3 Qe7 8. Be2 Nh6 9. h3 O-O 10. O-O f5 11. Nbd2 Nf7 12. Qb3 Kh8 13. Rfe1 g5 14. Nc4 Qc5 15. Rad1 f4 16. exf4 exf4 17. Bh2 Nb6 18. Nxb6 axb6 19. Nd2 Bf5 20. Bf3 c6 21. Be4 Nd6 22. Bxf5 Nxf5 23. Ne4 Qe7 24. Nd6 Qd7 25. Nxf5 Qxf5 26. Re7 b5 27. Qb4 h5 28. Qd6 Bf6 29. Rd7 Rad8 30. Kf1 Rxd7 31. Qxd7 Rd8 32. Qxf5 Rxd1+ 33.
Ke2 Rd6 34. g3 Kg7 35. gxf4 gxf4 36. Bxf4 Rd5 37. Qe4 Kf7 38. Be3 Re5 39. Qh7+ Ke6 40. Kf3 b6 41. Bf4 Rf5 42. Ke4 c5 43. Qxf5+ 1-0

[Event "Early-Titled-Tuesday-Blitz-March-19-2024"]
[Site "Chess.com"]
[Date "2024.03.19"]
[Round "5"]
[White "WindWhistler11"]
[Black "Boxerandchessplayer"]
[Result "1-0"]
[WhiteElo "2529"]
[BlackElo "2213"]
[TimeControl "180+1"]
[EndTime "8:57:36 PDT"]
[Termination "WindWhistler11 won on time"]

1. Nf3 d5 2. g3 e6 3. c4 Nf6 4. Bg2 Be7 5. O-O O-O 6. b3 b6 7.
Bb2 Bb7 8. e3 Nbd7 9. Qe2 c5 10.
Nc3 Rc8 11. d3 Re8 12. Rad1 Qc7 13. e4 d4 14. Nb5 Qb8 15. Bc1 a6 16. Na3 Bd6 17.
Rde1 Bc6 18. Nh4 e5 19. Nf5 Bf8 20. f4 g6 21. fxe5 Qxe5 22. Nh6+ Kg7 23. Bh3 Qh5 24. Qxh5 gxh5 25. Bg5 Re5 26. Bxd7 Nxd7 27. Nxf7 Re6 28. Bh4 Nf6 29. Ng5 Ree8 30. e5 Ng4 31. Rf7+ Kg8 32.
Rxh7 Nxe5 33. Rxh5 Nf3+ 34. Nxf3 Bxf3 35. Rg5+ Kh7 36.
Rf1 Re3 37. Rf5 Bh5 38. Rxf8 Rxf8 39. Rxf8 Re1+ 40. Rf1 Re2 41. Rf2 Re1+ 42. Kg2 Bg4 43. h3 Bh5 44. Nc2 1-0

[Event "Early-Titled-Tuesday-Blitz-March-19-2024"]
[Site "Chess.com"]
[Date "2024.03.19"]
[Round "5"]
[White "Boundless_Strike"]
[Black "vladoboch"]
[Result "1-0"]
[WhiteElo "2628"]
[BlackElo "2466"]
[TimeControl "180+1"]
[EndTime "8:57:37 PDT"]
[Termination "Boundless_Strike won by checkmate"]

1. d4 Nf6 2. f3 d6 3. e4 e5 4. Nc3 Nbd7 5. Be3 Be7 6. Qd2 c6 7. g4 O-O 8. Nge2 b5 9. Ng3 b4 10. Nce2 exd4 11. Nxd4 Ne5 12. Be2 c5 13. Ndf5 Be6 14. g5 Ne8 15. b3 g6 16. Nh6+ Kh8 17. f4 Nc6 18. h4 d5 19. Rd1 dxe4 20. Qc1 Qc7 21. Qb2+ Ng7 22. h5 Rad8 23. hxg6 fxg6 24. Ng4 Nd4 25. Bxd4 cxd4 26. Ne5 Kg8 27. Rxd4 Rxd4 28.
Qxd4 Rd8 29. Qxe4 Qc3+ 30. Kf2 Bc5+ 31. Kg2 Bd5 32. Bc4 Qxc4 33. bxc4 Bxe4+ 34. Nxe4 Nf5 35. Nxc5 Rd2+ 36. Kf3 Rxc2 37. Ne4 Rxa2 38. Nf6+ Kf8 39. Rxh7 Nd6 40. Nxg6# 1-0

[Event "Early-Titled-Tuesday-Blitz-March-19-2024"]
[Site "Chess.com"]
[Date "2024.03.19"]
[Round "5"]
[White "sorch29"]
[Black "manitodeplomo"]
[Result "0-1"]
[WhiteElo "2489"]
[BlackElo "2659"]
[TimeControl "180+1"]
[EndTime "8:57:38 PDT"]
[Termination "manitodeplomo won on time"]

1. d4 g6 2. c4 Bg7 3. Nc3 d6 4. Nf3 Nf6 5. e4 O-O 6. Be2 c5 7. O-O Nc6 8. d5 Na5 9. Re1 e5 10. a3 b6 11. b4 Nb7 12. Bg5 h6 13. Bh4 Bd7 14. Nd2 Qc7 15. Rc1 h5 16. f3 Nh7 17.
Nb3 Bf6 18. Bf2 Bg5 19. Rc2 h4 20. bxc5 Nxc5 21. Nxc5 bxc5 22. Qa1 a6 23. Rb1 Rfb8 24. Rcb2 Kg7 25. Bd1 Nf6 26. Rxb8 Rxb8 27. Rxb8 Qxb8 28. Qb1 Qc7 29. Be1 Nh5 30. g3 hxg3 31. hxg3 f5 32. Na4 Nf6 33. exf5 gxf5 34. Qb6 Qxb6 35. Nxb6 Kf7 36.
Nxd7 Nxd7 37. Kf2 Bc1 38. Bc2 Kf6 39. a4 Bb2 40. Bd2 Ba3 41. Kg2 Bb4 42. Kh3 Bxd2 0-1

[Event "Early-Titled-Tuesday-Blitz-March-19-2024"]
[Site "Chess.com"]
[Date "2024.03.19"]
[Round "5"]
[White "only_strong_moves"]
[Black "Witik"]
[Result "1-0"]
[WhiteElo "2630"]
[BlackElo "2747"]
[TimeControl "180+1"]
[EndTime "8:57:39 PDT"]
[Termination "only_strong_moves won on time"]

1. Nc3 d5 2. e4 c6 3. d4 dxe4 4. Nxe4 Nf6 5. Nxf6+ exf6 6. c3 Bd6 7. Bd3 O-O 8. Ne2 Re8 9. O-O Bd7 10. Bf4 Be6 11.
Qd2 Bf8 12. Rfe1 Nd7 13. Rad1 Bxa2 14. Qc2 Be6 15. Bxh7+ Kh8 16. Bd3 g6 17. Ng3 f5 18.
c4 Qh4 19. Qc1 Kg8 20. d5 cxd5 21. cxd5 Bxd5 22. Rxe8 Rxe8 23. Bxf5 Nb6 24. Bb1 Bc6 25.
Ba2 Qf6 26. Be3 Bg7 27. Bd4 Qe7 28. Bxg7 Kxg7 29. h3 Qf6 30. b4 Nd7 31. Qc4 Ne5 32.
Qd4 a6 33. h4 Kg8 34. h5 Nf3+ 35. gxf3 Qxf3 36. Bd5 Bxd5 37. Qxd5 Re1+ 38. Kh2 Qxd1 39.
Qxb7 Qd4 40. Qf3 gxh5 41. Nxh5 Qe5+ 42. Kg2 Qe4 43. Nf6+ Kg7 44. Nxe4 1-0

[Event "Early-Titled-Tuesday-Blitz-March-19-2024"]
[Site "Chess.com"]
[Date "2024.03.19"]
[Round "5"]
[White "SashaKuzhilniy"]
[Black "ploxoi"]
[Result "0-1"]
[WhiteElo "2595"]
[BlackElo "2448"]
[TimeControl "180+1"]
[EndTime "8:57:39 PDT"]
[Termination "ploxoi won by resignation"]

1. d4 e6 2. e4 d5 3. exd5 exd5 4.
Nf3 Bd6 5. Bd3 Ne7 6. O-O Nbc6 7. c3 Bg4 8. Re1 Qd7 9. Nbd2 O-O-O 10. b4 Ng6 11.
Qa4 Nf4 12. Bf1 Rde8 13. Rxe8+ Rxe8 14. b5 Nb8 15. Qxa7 Ne2+ 16. Bxe2 Rxe2 17. Ba3 Bf4 18. Qc5 Bxd2 19. Nxd2 Rxd2 20. Qf8+ Qd8 21. Qxg7 Bd7 22. Re1 Be6 23. Qxh7 Rxa2 24. Bc1 Ra1 25. Qc2 Nd7 26. Qb2 Ra4 27. Bf4 Qf6 28. Bg3 Qf5 29. h4 b6 30. Qc1 Kb7 31. h5 Qxh5 32. Qf4 Rc4 33. Re3 Qf5 34. Qh6 Qb1+ 35. Kh2 Qxb5 36. Qh8 Qc6 37. Bf4 Rxc3 38. Re1 Rc4 39. f3 Rc2 40. Re3 Qc4 41. Qg7 b5 42. Rxe6 fxe6 43. Qxd7 Qc6 44.
Qe7 Rc4 45. Be5 b4 46. Kh3 b3 47. Qa3 Qb5 48. Qe7 b2 0-1

[Event "Early-Titled-Tuesday-Blitz-March-19-2024"]
[Site "Chess.com"]
[Date "2024.03.19"]
[Round "5"]
[White "Aleksandar-Topalov"]
[Black "viktorgen2021"]
[Result "0-1"]
[WhiteElo "2274"]
[BlackElo "2469"]
[TimeControl "180+1"]
[EndTime "8:57:39 PDT"]
[Termination "viktorgen2021 won on time"]

1. b3 e5 2. Bb2 d6 3. d4 Nd7 4. c4 Ngf6 5. Nc3 Be7 6. g3 c6 7.
Bg2 O-O 8. e3 h6 9. Nge2 Qc7 10.
O-O a5 11. Qd2 Re8 12. Rfd1 Nf8 13. h3 Ng6 14. Qc2 Bd7 15. Rd2 Rad8 16. Rad1 Bc8 17. Kh2 h5 18. dxe5 Nxe5 19. Kg1 h4 20. g4 Nfxg4 21.
hxg4 Bxg4 22. Qe4 Qc8 23. Qf4 g5 24. Qh2 Bf3 25. Nd4 Qg4 26. Kh1 h3 27. Bxf3 Nxf3 28. Nxf3 Qxf3+ 29. Kg1 Bf6 30. Ne2 Bxb2 31. Rxb2 Re4 32.
Rbd2 Rde8 33. Ng3 Rg4 34. Qxh3 Rxe3 35. Qg2 Qf4 36. Rd3 Rxd3 37. Rxd3 Qc1+ 38. Qf1 Qf4 39. Qe2 Rh4 40. Qe3 Qf6 41. Qf3 Qa1+ 42. Rd1 Qe5 43.
Qf5 Qe7 44. Kg2 Rf4 0-1

[Event "Early-Titled-Tuesday-Blitz-March-19-2024"]
[Site "Chess.com"]
[Date "2024.03.19"]
[Round "5"]
[White "nihalsarin"]
[Black "vugarrasulov"]
[Result "1-0"]
[WhiteElo "3183"]
[BlackElo "2984"]
[TimeControl "180+1"]
[EndTime "8:57:41 PDT"]
[Termination "nihalsarin won on time"]

1. a3 g6 2. e4 Bg7 3. d4 d5 4.
e5 c5 5. c3 Nc6 6. Be3 Nh6 7. Nf3 Nf5 8. Bd3 cxd4 9. cxd4 Qb6 10. Ra2 O-O 11. Nc3 f6 12. exf6 Bxf6 13. O-O Qd8 14. Bxf5 Bxf5 15. h3 Rc8 16. Re1 Qd7 17. Bh6 Rf7 18. Ne5 Bxe5 19. dxe5 d4 20. Ne2 d3 21. Ng3 Qd5 22. Ra1 Nd4 23. Rc1 Rd8 24. Re3 Nc2 25. Rf3 Be6 26. Rxf7 Bxf7 27. Qd2 Be6 28. Kh2 Rc8 29. Qf4 Qd4 30. Rxc2 Qxf4 31. Rxc8+ Bxc8 32. Bxf4 Kf7 33. Kg1 Ke6 34. Nf1 Kd5 35.
Nd2 b5 36. Kf1 a5 37. Ke1 b4 38. axb4 axb4 39. f3 Ba6 40. Bg5 Kxe5 41. Bxe7 Kf4 42.
Kf2 Ke5 43. Bxb4 1-0

[Event "Early-Titled-Tuesday-Blitz-March-19-2024"]
[Site "Chess.com"]
[Date "2024.03.19"]
[Round "5"]
[White "Binary010"]
[Black "JimDiGrease"]
[Result "1-0"]
[WhiteElo "2842"]
[BlackElo "2991"]
[TimeControl "180+1"]
[EndTime "8:57:42 PDT"]
[Termination "Binary010 won by resignation"]

1. e4 c5 2. Nf3 e6 3. d4 cxd4 4. Nxd4 Nf6 5. Nc3 Nc6 6. Nxc6 bxc6 7. e5 Nd5 8. Ne4 Qc7 9. f4 Rb8 10. c4 Bb4+ 11. Ke2 O-O 12. a3 Be7 13. cxd5 cxd5 14.
Nd6 f6 15. Nxc8 Rfxc8 16. exf6 Bxf6 17. Rb1 Kh8 18. Qd3 e5 19. fxe5 Qxe5+ 20. Kd1 Rc4 21. Qg3 Qd4+ 22. Bd2 Rcc8 23. Qd3 Qa4+ 24. b3 Qxa3 25. Be2 Qa2 26. Bf3 Rb6 27. Ke2 Rc2 28.
Rhd1 Bg5 29. Rbc1 Re6+ 30. Kf1 Rxc1 31. Rxc1 Bd8 32. Re1 Bb6 33. Bxd5 Rf6+ 34. Bf3 Rf8 35. Qxd7 Qa3 36. Re8 Qa1+ 37. Be1 Qf6 38. Rxf8+ Qxf8 39. Qd5 Bd8 40. g3 h6 41. Kg2 Qf6 42. Bf2 Bb6 43.
Bxb6 Qxb6 44. Qa8+ Kh7 45. Be4+ g6 46. Qb7+ 1-0

[Event "Early-Titled-Tuesday-Blitz-March-19-2024"]
[Site "Chess.com"]
[Date "2024.03.19"]
[Round "5"]
[White "dropstoneDP"]
[Black "GoltsevDmitry2000"]
[Result "1-0"]
[WhiteElo "2981"]
[BlackElo "2763"]
[TimeControl "180+1"]
[EndTime "8:57:43 PDT"]
[Termination "dropstoneDP won by checkmate"]

1. e4 e6 2. d4 d5 3. e5 c5 4. c3 Nc6 5. Nf3 Nge7 6. Na3 Nf5 7. Nc2 cxd4 8. cxd4 h5 9. Bd3 Be7 10. a3 g5 11. h3 a6 12. Bd2 b5 13. Qc1 Rg8 14.
g4 hxg4 15. hxg4 Nh4 16. Nxh4 gxh4 17. g5 Bxg5 18. Bxg5 Qxg5 19. Qxg5 Rxg5 20. Rxh4 Rg1+ 21. Kd2 Rxa1 22. Nxa1 Na5 23. Kc3 Ke7 24. Rh8 Bb7 25.
Rxa8 Bxa8 26. Nb3 Nc6 27. Nc5 Nb8 28. f4 Bc6 29. f5 exf5 30. Bxf5 f6 31. exf6+ Kxf6 32. Bc8 a5 33. Nb3 a4 34. Nc5 Kg5 35. Na6 Nxa6 36.
Bxa6 Kf4 37. Kb4 Ke3 38. Kc5 Be8 39. Bb7 Kd3 40. Bxd5 Kc2 41. Be6 Kxb2 42. Kb4 Bg6 43. d5 Bc2 44. d6 Bb3 45. Bg4 Bc2 46. d7 Bb3 47. d8=Q Bc2 48. Qd4+ Kb1 49. Kc3 b4+ 50.
Qxb4+ Bb3 51. Qd4 Ka2 52. Qd2+ Kxa3 53. Qb2# 1-0